 Dungeon Crawl Stone Soup version 0.30-a0-394-g3e4acdb0ae (webtiles) character file.

Game seed: 9363362617775829090

231 bande the Trooper (level 6, -2/39 HPs)
             Began as a Gargoyle Fighter on Dec 7, 2022.
             Slain by a gnoll
             ... wielding a +0 spear
             ... led by a gnoll bouda
              (3 damage)
             ... on level 4 of the Dungeon.
             The game lasted 00:03:17 (2599 turns).

bande the Trooper (Gargoyle Fighter)                Turns: 2599, Time: 00:03:18

Health: -2/39      AC: 11    Str: 20    XL:     6   Next: 3%
Magic:  6/6        EV:  9    Int:  8    God:
Gold:   193        SH:  4    Dex: 11    Spells: 5/5 levels left

rFire   . . .      SeeInvis .    a - +0 war axe
rCold   . . .      Faith    .    c - +0 buckler
rNeg    + . .      Spirit   .    b - +0 scale mail
rPois   ∞          Reflect  .    (no helmet)
rElec   +          Harm     .    (no cloak)
rCorr   .          Rampage  .    (no gloves)
Will    .....                    (no boots)
Stlth   ..........               (no amulet)
HPRegen 0.26/turn                (no ring)
MPRegen 0.10/turn                (no ring)

@: no status effects
A: sickness immunity, AC +4, negative energy resistance 1, electricity
resistance, torment resistance 1, petrification resistance
a: no special abilities


You were on level 4 of the Dungeon.
You visited 1 branch of the dungeon, and saw 4 of its levels.

You collected 193 gold pieces.

Inventory:

Hand Weapons
 a - a +0 war axe (weapon)
Armour
 b - a +0 scale mail (worn)
 c - a +0 buckler (worn)
Jewellery
 t - a ring of ice
Wands
 p - a wand of mindburst (16)
 s - a wand of roots (10)
Scrolls
 f - 2 scrolls of identify {unknown}
 h - 2 scrolls of noise {unknown}
 k - a scroll of magic mapping {unknown}
 l - a scroll of fear {unknown}
 m - a scroll of acquirement {unknown}
 q - a scroll of enchant weapon {unknown}
 r - a scroll of silence {unknown}
Potions
 d - a potion of might
 e - a potion of haste {unknown}
 g - 4 potions of attraction {unknown}
 i - a potion of degeneration {unknown}
 j - a potion of flight {unknown}
 n - 2 potions of magic {unknown}
 o - a potion of lignification {unknown}
 u - a potion of heal wounds {unknown}


   Skills:
 + Level 4.4 Fighting
 + Level 3.9 Axes
 + Level 3.7 Armour
 + Level 3.9 Shields
 * Level 1.4 Evocations


You had 5 spell levels left.
You didn't know any spells.
Your spell library contained the following spells:

 Spells                   Type           Power      Damage    Failure   Level
 Slow                     Hex            0%         N/A       85%         1
 Confusing Touch          Hex            0%         N/A       99%         3
 Vampiric Draining        Necr           0%         2d6       99%         3


Dungeon Overview and Level Annotations

Branches:
Dungeon (4/15)
 Temple: D:4-7

Altars:
Hepliaklqana
Trog
Uskayaw


Innate Abilities, Weirdness & Mutations

You are immune to sickness and miasma.
Your stone body is resilient. (AC +4)
You are immune to poison.
You resist negative energy. (rN+)
You are resistant to electric shocks. (rElec)
You are resistant to unholy torment.
You are immune to petrification.


Message History

You hit the hobgoblin.
The hobgoblin is almost dead.
You hit the gnoll bouda but do no damage.
You barely miss the gnoll.
The gnoll is no longer moving quickly.
The gnoll hits you but does no damage. You block the gnoll's attack.
The gnoll hits you but does no damage. The hobgoblin barely misses you.
The gnoll bouda hits you but does no damage.
The gnoll hits you but does no damage.
The gnoll hits you from afar with a +0 spear.
You slash the hobgoblin!
You kill the hobgoblin!
You barely miss the gnoll.
You hit the gnoll bouda but do no damage.
The gnoll is no longer moving quickly.
The gnoll hits you but does no damage. You block the gnoll's attack.
The gnoll closely misses you.
Unknown command.
The gnoll bouda closely misses you. You block the gnoll's attack.
The gnoll hits you with a +0 spear. The gnoll closely misses you.
Unknown command.
You barely miss the gnoll.
You hit the gnoll bouda but do no damage.
You hit the gnoll but do no damage.
The gnoll is no longer moving quickly.
The gnoll bouda hits you with a +0 club.
* * * LOW HITPOINT WARNING * * *
The gnoll hits you with a +0 club.
* * * LOW HITPOINT WARNING * * *
The gnoll hits you but does no damage. x2; The gnoll bouda barely misses you.
You hit the gnoll but do no damage.
You hit the gnoll bouda but do no damage.
You hit the gnoll but do no damage. The gnoll closely misses you.
The gnoll hits you but does no damage. x2
The gnoll bouda hits you with a +0 club.
* * * LOW HITPOINT WARNING * * *
You block the gnoll's attack. x2
You barely miss the gnoll. You hit the gnoll bouda. You hit the gnoll.
The gnoll barely misses you.
The gnoll bouda hits you with a +0 club.
* * * LOW HITPOINT WARNING * * *
The gnoll hits you but does no damage. The gnoll hits you with a +0 spear.
You die...

.......)...........#
...................#
...................#
...................#
...................#
...................#
.##########.......##
#....#..g.g..#
#....'...g@..#
#....#...<.g.#
######.......#
#########


You could see a gnoll bouda and 3 gnolls.

Vanquished Creatures
  Terence (D:2)
  Natasha (thrice) (D:3)
  5 gnolls
  4 adders
  2 endoplasms
  2 giant cockroaches (D:2)
  9 goblins
  6 hobgoblins
  2 jackals (D:1)
  A quokka (D:1)
  5 ball pythons
  3 bats
  3 frilled lizards
  3 kobolds
  5 rats
54 creatures vanquished.

Notes
Turn   | Place    | Note
-------+----------+-------------------------------------------
     0 | D:1      | bande the Gargoyle Fighter began the quest for the Orb.
     0 | D:1      | Reached XP level 1. HP: 14/14 MP: 1/1
   131 | D:1      | Reached XP level 2. HP: 19/19 MP: 2/2
   786 | D:2      | Reached XP level 3. HP: 24/24 MP: 3/3
   840 | D:2      | Reached skill level 4 in Fighting
   844 | D:2      | Reached XP level 4. HP: 16/29 MP: 4/4
  1396 | D:2      | Noticed Terence
  1398 | D:2      | Killed Terence
  1399 | D:2      | Reached XP level 5. HP: 30/33 MP: 5/5
  1616 | D:3      | Noticed Natasha
  1623 | D:3      | Killed Natasha
  1624 | D:3      | Reached skill level 1 in Evocations
  1630 | D:3      | Noticed Natasha
  1647 | D:3      | Killed Natasha
  1976 | D:3      | Found a faded altar of an unknown god.
  2056 | D:3      | Found a hide-covered altar of Uskayaw.
  2063 | D:3      | Found a bloodstained altar of Trog.
  2162 | D:3      | Found a hazy altar of Hepliaklqana.
  2242 | D:3      | Noticed Natasha
  2248 | D:3      | Killed Natasha
  2586 | D:4      | Reached XP level 6. HP: 22/39 MP: 6/6
  2599 | D:4      | HP: 1/39 [gnoll bouda/+0 club (1)]
  2599 | D:4      | Slain by a gnoll

Illustrated notes

Levels and vault maps discovered:
D:1:      psy_arrival_spokes, layout_basic
D:2:      layout_basic, minmay_bisected, uniq_terence
D:3:      layout_loops_cross, amcnicky_altar_gilded,
          mainiacjoe_overflow_large_starburst,
          dreamdust_ecumenical_altar_hidden_monk_grotto, uniq_natasha
D:4:      layout_gridville

Skill      XL: |  1  2  3  4  5 |
---------------+----------------+-----
Axes           | 2 3 |  3.9
Fighting       | 4 |  4.4
Evocations     | 1 |  1.4
Armour         | |  3.7
Shields        | |  3.9

Action                   |  1- 3 |  4- 6 || total
-------------------------+-------+-------++-------
Melee: War axe           |    67 |   107 ||   174
Armor: Scale mail        |    50 |    69 ||   119
Dodge: Dodged            |    43 |    65 ||   108
Block: Buckler           |    12 |    34 ||    46

Table legend: (Time is in decaauts)
 A = Elapsed time spent in this place.
 B = Non-inter-level travel time spent in this place.
 C = Inter-level travel time spent in this place.
 D = Time resting spent in this place.
 E = Time spent auto-exploring this place.
 F = Levels seen in this place.
 G = Mean time per level.
                   A        B        C        D        E       F      G
               +--------+--------+--------+--------+--------+-----+--------+
         Total |   2673 |   2593 |     80 |    222 |   1846 |   4 |  668.2 |
       Dungeon |   2673 |   2593 |     80 |    222 |   1846 |   4 |  668.2 |
               +--------+--------+--------+--------+--------+-----+--------+

Top non-repeatable levels by time:
     D:3: 1026 daAuts
     D:2: 950 daAuts
     D:1: 651 daAuts
     D:4: 44 daAuts
